 Dungeon Crawl Stone Soup version 0.31-a0-112-gdf0485fa37 (webtiles) character file.

Game seed: 18290343813992045355

8392 kae the Grappler (level 11, -9/105 HPs)
             Began as a Grey Draconian Transmuter on May 28, 2023.
             Was an Initiate of Ru.
             Mangled by a fire elemental (13 damage)
             ... summoned by a deep elf pyromancer
             ... on level 10 of the Dungeon.
             The game lasted 00:08:51 (8630 turns).

kae the Grappler (Grey Draconian Transmuter)        Turns: 8630, Time: 00:08:51

Health: -9/105     AC: 16    Str: 15    XL:     11   Next: 9%
Magic:  14/22      EV: 10    Int: 17    God:    Ru [......]
Gold:   2062       SH:  0    Dex: 12    Spells: 15/25 levels left

rFire   . . .        j - melded +1 whip (venom)
rCold   + + +        (shield currently unavailable)
rNeg    . . .        (body armour unavailable)
rPois   +            I - melded +1 hat
rElec   +            (cloak currently unavailable)
rCorr   .            (gloves currently unavailable)
SInv    .            (boots currently unavailable)
Will    .....        c - amulet of Costruc {+Inv rElec rPois Regen+ Str+2}
Stlth   +            p - ring of the Tortoise {AC+8}
HPRegen 1.17/turn    F - ring of protection from fire
MPRegen 0.18/turn

%: no passive effects
@: ice-form, wereblooded, very slightly contaminated
A: freezing attack, boosted hp, AC +12, amphibious, large, unfitting armour,
(cold-blooded)
a: End Transformation, Renounce Religion, Evoke Invisibility, Sacrifice Essence,
Sacrifice Arcana, Sacrifice Purity, Reject Sacrifices


You were on level 10 of the Dungeon.
You worshipped Ru.
Ru was noncommittal.
You were a creature of crystalline ice.
You visited 2 branches of the dungeon, and saw 11 of its levels.
You also visited: Sewer.

You collected 2159 gold pieces.
You spent 97 gold pieces at shops.


Innate Abilities, Weirdness & Mutations

You are a creature of crystalline ice.
You have a powerful freezing melee attack.
Your maximum health is increased.
Your armour is entirely melded.
You are incapable of wielding weapons or throwing items.
((Your dull iron-grey scales are very hard. (AC +12)))
You are amphibious.
You cannot fit into any form of body armour.
((You are cold-blooded and may be slowed by cold attacks.))


   Skills:
 + Level 5.2 Fighting
 - Level 1.7 Dodging
 * Level 10.1 Unarmed Combat
 + Level 7.7 Spellcasting
 + Level 9.5 Transmutations
 - Level 5.0 Ice Magic
 - Level 2.0 Poison Magic


You had 15 spell levels left.
You knew the following spells:

 Your Spells              Type           Power      Damage    Failure   Level
a - Beastly Appendage     Tmut           76%        N/A       1%          1
b - Wereblood             Tmut           38%        N/A       1%          2
c - Spider Form           Tmut/Pois      26%        N/A       3%          3
d - Ice Form              Ice/Tmut       31%        N/A       5%          4

Your spell library contained the following spells:

 Spells                   Type           Power      Damage    Failure   Level
 Passwall                 Tmut/Erth      18%        N/A       2%          2
 Apportation              Tloc           12%        N/A       11%         1
 Necrotise                Necr           24%        1d5       11%         1
 Sandblast                Erth           12%        2d6       11%         1
 Slow                     Hex            24%        N/A       11%         1
 Sublimation of Blood     Necr           6%         N/A       16%         2
 Petrify                  Tmut/Erth      22%        N/A       16%         4
 Alistair's Intoxication  Tmut/Pois      17%        N/A       28%         5
 Confusing Touch          Hex            6%         N/A       32%         3
 Stone Arrow              Conj/Erth      12%        3d7       32%         3
 Vampiric Draining        Necr           6%         2d6       32%         3
 Vhi's Electric Charge    Tloc/Air       12%        N/A       32%         3
 Irradiate                Conj/Tmut      11%        3d15      38%         5
 Agony                    Necr           6%         N/A       96%         5
 Arcjolt                  Conj/Air       3%         1d13      96%         5
 Plasma Beam              Fire/Air       3%         2x1d14    100%        6

Inventory:

Hand Weapons
 j - a +1 whip of venom (melded)
   (You found it on level 1 of the Dungeon)
Missiles
 b - 3 datura-tipped darts
 h - 82 stones
 s - 43 poisoned darts
 v - a throwing net {=f!f}
 C - 5 boomerangs
 H - 3 javelins
 J - a curare-tipped dart {=f}
 L - 3 atropa-tipped darts
Armour
 I - a +1 hat (melded)
   (You found it on level 7 of the Dungeon)
Magical Staves
 M - a staff of cold {!a}
   (You found it on level 10 of the Dungeon)
Jewellery
 c - the amulet of Costruc (around neck) {+Inv rElec rPois Regen+ Str+2}
   (You acquired it on level 4 of the Dungeon)

   [amulet of regeneration]

   Str:       It affects your strength (+2).
   rElec:     It insulates you from electricity.
   rPois:     It protects you from poison.
   +Inv:      It lets you turn invisible.
   Regen:     It increases your rate of health regeneration.
 f - a ring of fire
   (You took it off a wight on level 7 of the Dungeon)
 p - the ring of the Tortoise (left front paw) {AC+8}
   (You found it on level 2 of the Dungeon)

   [ring of protection]

   AC:        It affects your AC (+8).
 F - a ring of protection from fire (right front paw)
   (You found it on level 6 of the Dungeon)
 T - an amulet of faith {!P}
   (You found it on level 5 of the Dungeon)
Wands
 d - a wand of paralysis (21)
   (You took it off a gnoll bouda on level 4 of the Dungeon)
 t - a wand of roots (6)
   (You found it on level 3 of the Dungeon)
 y - a wand of mindburst (5)
   (You found it on level 9 of the Dungeon)
 B - a wand of polymorph (11)
   (You found it on level 5 of the Dungeon)
 D - a wand of flame (19)
   (You found it on level 7 of the Dungeon)
 K - a wand of digging (8)
   (You found it on level 9 of the Dungeon)
Scrolls
 i - a scroll of vulnerability {!r!r}
 l - 4 scrolls of teleportation {@r4}
 n - a scroll of blinking {!r}
 u - a scroll of amnesia
 E - a scroll of fear
 G - 2 scrolls of poison
Potions
 a - 2 potions of lignification {!q}
 e - 2 potions of ambrosia
 g - 2 potions of invisibility {unknown}
 k - a potion of resistance
 m - 2 potions of mutation {!q}
 o - 3 potions of enlightenment
 q - 2 potions of curing {@q1}
 r - 2 potions of attraction {!q}
 w - a potion of berserk rage {!q}
 x - 3 potions of brilliance {unknown}
 z - 2 potions of heal wounds {@q2}
 A - a potion of magic

Dungeon Overview and Level Annotations

Branches:
Dungeon (10/15) Zot: 26568  Temple (1/1) D:7 Zot: 5788    Lair (0/5) D:10
    Orc (0/2) D:9           Sewer (visited)

Altars:
Ashenzari
Cheibriados
Dithmenos
Elyvilon
Fedhas
Gozag
Hepliaklqana
Kikubaaqudgha
Makhleb
Nemelex Xobeh
Okawaru
Qazlal
Ru
Sif Muna
Trog
Uskayaw
Vehumet
Wu Jian
Xom
Yredelemnul
Zin
The Shining One

Shops:
D:6 *   D:8 *

Annotations:
D:10 3 runed translucent doors, bmj180's ghost, novice DrFE

.. .. ###'#########.#####
.........~.........
..........≈.~......
...≈~..~≈.~~~..~....#
.~≈≈≈§§~≈~≈≈~~≈~....###
~≈≈o≈≈≈§§~E☼°°~.....'. #
...≈≈≈≈..YE°.~§~....# .
~~~~h~~...Ee°~≈.≈~~.#
..........>..~≈~~)..#
~~~≈~~.~)...~≈≈≈~~..###.
~≈≈~≈~..≈)†~.~≈~~.......
.~~~~.~~≈≈≈~~≈≈≈....###
..~~.≈≈≈≈≈≈≈≈†~≈~~..#
~~~..~≈≈≈≈≈≈≈≈......# ##
~.~....~≈≈≈≈≈~.~..~.#####.


You could see a deep elf pyromancer, 3 fire elementals, a wolf and an orc
(resistant).


Message History

You are very lightly contaminated with residual magic.
You feel a strange surge of energy. The orc barely misses you.
The troll misses you. The troll claws you but does no damage.
The troll completely misses you. 😕 HP[+1] MP[-4]
You lost 4 mp, and now have 16/22 mp.
Casting: Ice Form (dangerous; 5% risk of failure)
Confirm with . or Enter, or press ? or * to list all spells.
You turn into a creature of crystalline ice.
Your +1 whip of venom melds into your body.
Your +1 hat melds into your body.
Your +1 whip of venom stops dripping with poison.
The orc closely misses you. The troll closely misses you. x2
The troll barely misses you. The orc hits you but does no damage.
The orc warrior barely misses you. The troll closely misses you.
The troll claws you but does no damage. x2 😎 HP[+18] MP[-4]
You now have 103 max hp (+17).
Your hp is fully restored (103).
You lost 4 mp, and now have 12/22 mp.
You hit the troll. You freeze the troll. The orc hits you with a +0 dagger.
The orc warrior hits you but does no damage.
The troll bites you but does no damage.
The troll claws you but does no damage. x2 😕 HP[-2] MP[+1]
You take 2 damage, and now have 101/103 hp.
You hit the troll but do no damage. The orc warrior barely misses you.
The troll barely misses you. The troll closely misses you. x2
Unknown command. 😕 HP[+1]
You hit the troll but do no damage. You barely miss the troll.
The troll barely misses you. x2
The troll closely misses you. The orc warrior barely misses you.
The deep elf pyromancer mumbles some strange words.
The deep elf pyromancer blinks!
Unknown command. 😎 HP[+1]
Your hp is fully restored (103).
You pummel the troll!! You freeze the troll.
The orc warrior hits you but does no damage.
The troll bites you! The troll claws you!
The troll barely misses you. 😕 HP[-22]
You take 22 damage, and now have 81/103 hp.
MASSIVE DAMAGE!! (PAUSE)
You punch the troll! You freeze the troll.
You feel a bit better.
You kill the troll!
You hear a splash.
The troll leather armour is intact enough to wear.
The fire elemental hits you. The fire elemental burns you!
The orc hits you but does no damage.
The orc warrior hits you but does no damage. 😮 HP[-8]
You now have 105 max hp (+2).
You take 8 damage, and now have 73/105 hp.
Unknown command.
You enter the shallow water.
The fire elemental hits you. The fire elemental burns you!
The orc hits you but does no damage.
Things that are here:
a +0 troll leather armour; a troll corpse 😮 HP[-9] MP[+1]
You take 9 damage, and now have 64/105 hp.
You punch the orc! You freeze the orc.
You feel a bit better.
You kill the orc!
You are engulfed in a cloud of scalding steam.
The fire elemental hits you. The fire elemental burns you!
The orc warrior misses you.
The fire elemental closely misses you. 😮 HP[-3]
You take 3 damage, and now have 61/105 hp.
The deep elf pyromancer gestures wildly while chanting.
The fire elemental hits you. The fire elemental burns you!
* * * LOW HITPOINT WARNING * * *
😨 HP[-11]
You take 11 damage, and now have 50/105 hp.
You pummel the fire elemental!! You freeze the fire elemental!
The fire elemental misses you. 😨 HP[+1]
You pummel the orc warrior!! You freeze the orc warrior!
You feel a bit better.
You kill the orc warrior!
You hear a splash. x2
A wolf comes into view.
The fire elemental closely misses you. 😮 HP[+2]
You regained 2 hp, and now have 53/105 hp.
The wolf howls!
You pummel the fire elemental!! You freeze the fire elemental.
The fire elemental closely misses you. The fire elemental hits you.
The fire elemental burns you!
* * * LOW HITPOINT WARNING * * *
😨 HP[-8]
You take 8 damage, and now have 45/105 hp.
Unknown command.
You hit the fire elemental but do no damage.
The fire elemental hits you. The fire elemental burns you!
* * * LOW HITPOINT WARNING * * *
The deep elf pyromancer points at you and mumbles some strange words.
The bolt of fire hits the fire elemental.
The fire elemental completely resists.
The bolt of fire hits you!!
* * * LOW HITPOINT WARNING * * *
The fire elemental hits you. The fire elemental burns you!
* * * LOW HITPOINT WARNING * * *
The fire elemental hits you. The fire elemental burns you!
You die...

Skill      XL: |  1  2  3  4  5  6  7  8  9 10 |
---------------+-------------------------------+-----
Transmutations | 3 4 5 6 7 8 9 |  9.5
Poison Magic   | 1 2 |  2.0
Spellcasting   | 3 4 5 6 7 |  7.7
Ice Magic      | 1 3 4 5 |  5.0
Unarmed Combat | 5 8 10 | 10.1
Fighting       | 2 5 |  5.2
Dodging        | |  1.7

Action                     |  1- 3 |  4- 6 |  7- 9 | 10-12 || total
---------------------------+-------+-------+-------+-------++-------
  Melee: Unarmed           |    28 |    70 |   293 |   161 ||   552
         Headbutt          |    11 |     5 |       |       ||    16
         Kick              |    13 |    10 |       |       ||    23
         Whip              |    57 |    73 |    18 |       ||   148
         Tailslap          |    10 |     9 |     2 |       ||    21
         Punch             |     1 |     1 |     1 |       ||     3
   Cast: Beastly Appendage |    25 |     7 |       |       ||    32
         Wereblood         |     1 |     7 |     1 |     3 ||    12
         Spider Form       |       |     9 |     2 |       ||    11
         Ice Form          |       |       |    24 |    12 ||    36
Ability: End Transformatio |       |     1 |       |     2 ||     3
    Use: Scroll            |       |    12 |    12 |     1 ||    25
   Stab: Sleeping          |       |       |     5 |       ||     5
 Armour: Skin              |    30 |    42 |   156 |    92 ||   320
  Dodge: Dodged            |    56 |   165 |   124 |    91 ||   436

Levels and vault maps discovered:
D:1:      matt_arrival_los_fun, layout_rooms, serial_glass, glass_columns_c,
          glass_columns_a, minivault_25, grunt_decor_fettered,
          minmay_pentomino_z4
D:2:      layout_rooms, uniq_robin
D:3:      layout_basic, nicolae_qazlal_general_emergency, doesnt_xom_only_xom
D:4:      cheibrodos_pilgrimage, layout_basic, uniq_eustachio
D:5:      layout_layer_cave, serial_glass, glass_columns_a, glass_columns_b,
          minmay_strange_pillars, item_on_display_b, moated_statue, uniq_pikel,
          uniq_blork_the_orc
D:6:      layout_loops_ring, serial_shops, shop, gup_sewer_entry_bubbles,
          amcnicky_mini_rare_corridor_liquid
D:7:      layout_cave_pools, nicolae_overflow_hidden_temple,
          minmay_temple_entry_enclosed_plants, the_hattery, uniq_joseph
D:8:      layout_basic, serial_shops, shop, nicolae_figureground_pulse
D:9:      layout_loops_corners, grunt_dithmenos_shadows,
          mainiacjoe_overflow_six_doors_small, orc_david_3
D:10:     layout_roguey, erik_lair_island, gammafunk_ghost_ooze,
          nicolae_barding_shop
Temple:   compressed_dpeg_triangle_lava_temple

Notes
Turn   | Place    | Note
-------+----------+-------------------------------------------
     0 | D:1      | kae the Draconian Transmuter began the quest for the Orb.
     0 | D:1      | Reached XP level 1. HP: 16/16 MP: 3/3
     0 | D:1      | magus.rc [v1.11.3]
   346 | D:1      | Reached XP level 2. HP: 21/23 MP: 3/5
   444 | D:1      | You pick up a book of Geomancy and begin reading...
   444 | D:1      | You add the spells Sandblast, Passwall and Stone Arrow to
                  | your library.
   688 | D:2      | Reached skill level 3 in Transmutations
   728 | D:2      | Reached XP level 3. HP: 28/28 MP: 4/6
   734 | D:2      | Learned a level 2 spell: Wereblood
   738 | D:2      | Learned a level 3 spell: Spider Form
   773 | D:2      | Noticed Robin
   804 | D:2      | Killed Robin
   928 | D:2      | Reached skill level 1 in Poison Magic
   938 | D:2      | Found the ring of the Tortoise {AC+8}
   949 | D:2      | Identified the +8 dagger of the Unliving {freeze, rN+++}
  1144 | D:3      | Found a stormy altar of Qazlal.
  1291 | D:3      | Reached XP level 4. HP: 35/35 MP: 8/8
  1331 | D:3      | HP: 7/35 [gnoll/+0 spear (4)]
  1527 | D:3      | Noticed a scorpion
  1532 | D:3      | Killed a scorpion
  1533 | D:3      | Reached skill level 3 in Spellcasting
  1533 | D:3      | Reached skill level 4 in Transmutations
  1533 | D:3      | Reached skill level 2 in Poison Magic
  1533 | D:3      | Reached XP level 5. HP: 35/40 MP: 5/9
  1552 | D:3      | Learned a level 4 spell: Ice Form
  1780 | D:3      | Found a stormy altar of Qazlal.
  1782 | D:3      | Found an ancient bone altar of Kikubaaqudgha.
  1782 | D:3      | Found an ancient bone altar of Kikubaaqudgha.
  1785 | D:3      | Found a shimmering altar of Xom.
  1785 | D:3      | Found a burning altar of Makhleb.
  1785 | D:3      | Found an opulent altar of Gozag.
  1992 | D:4      | Identified a scroll of acquirement
  1992 | D:4      | Acquired the amulet of Costruc {+Inv rElec rPois Regen+
                  | Str+2}
  2103 | D:4      | Reached skill level 1 in Ice Magic
  2156 | D:4      | Reached XP level 6. HP: 41/47 MP: 7/11
  2208 | D:4      | Reached skill level 2 in Ice Magic
  2225 | D:4      | Reached skill level 5 in Transmutations
  2388 | D:4      | You pick up a book of Necromancy and begin reading...
  2388 | D:4      | You add the spells Necrotise, Vampiric Draining and Agony
                  | to your library.
  2685 | D:4      | Noticed Eustachio
  2709 | D:4      | Killed Eustachio
  2710 | D:4      | Reached skill level 3 in Ice Magic
  2710 | D:4      | Your scales start taking on a dull iron-grey colour.
  2710 | D:4      | Reached XP level 7. HP: 52/52 MP: 6/12
  3065 | D:4      | You pick up a book of Party Tricks and begin reading...
  3065 | D:4      | You add the spells Apportation and Alistair's Intoxication
                  | to your library.
  3077 | D:5      | Entered Level 5 of the Dungeon
  3077 | D:5      | Noticed Pikel
  3264 | D:5      | Reached skill level 4 in Spellcasting
  3285 | D:4      | Killed Pikel
  3286 | D:4      | Reached skill level 6 in Transmutations
  3286 | D:4      | Reached skill level 4 in Ice Magic
  3286 | D:4      | Reached XP level 8. HP: 59/59 MP: 11/14
  3755 | D:5      | Reached skill level 5 in Ice Magic
  3848 | D:5      | Noticed Blork the orc
  3860 | D:5      | Killed Blork the orc
  4338 | D:6      | Reached skill level 4 in Unarmed Combat
  4372 | D:6      | Reached skill level 5 in Spellcasting
  4372 | D:6      | Reached skill level 7 in Transmutations
  4464 | D:6      | Found a glowing drain.
  4475 | Sewer    | Entered a sewer
  4844 | D:6      | Acquired 909 gold pieces
  4846 | D:6      | Acquired 701 gold pieces
  4968 | D:6      | You pick up a book of Lightning and begin reading...
  4968 | D:6      | You add the spells Vhi's Electric Charge, Arcjolt and
                  | Plasma Beam to your library.
  5031 | D:6      | Reached skill level 5 in Unarmed Combat
  5040 | D:6      | Reached XP level 9. HP: 62/64 MP: 13/17
  5044 | D:6      | Reached skill level 6 in Unarmed Combat
  5152 | D:6      | Found Lahiog's General Store.
  5159 | D:6      | Bought a scroll of blinking for 97 gold pieces
  5697 | D:7      | Noticed Joseph
  5716 | D:7      | Killed Joseph
  5717 | D:7      | Reached skill level 7 in Unarmed Combat
  5717 | D:7      | Reached skill level 6 in Spellcasting
  5749 | D:7      | Reached skill level 8 in Transmutations
  5955 | D:7      | Reached skill level 2 in Fighting
  6002 | D:7      | Found a broken altar of Ashenzari.
  6006 | D:7      | Found a burning altar of Makhleb.
  6086 | D:7      | Found a staircase to the Ecumenical Temple.
  6193 | Temple   | Entered the Ecumenical Temple
  6386 | Temple   | Became a worshipper of Ru the Awakened
  6589 | D:8      | Reached skill level 8 in Unarmed Combat
  6642 | D:8      | Reached XP level 10. HP: 74/74 MP: 16/19
  6748 | D:8      | You pick up a book of Debilitation and begin reading...
  6748 | D:8      | You add the spells Slow and Confusing Touch to your
                  | library.
  6773 | D:8      | Reached skill level 3 in Fighting
  6882 | D:8      | Found Hituxipp's General Store.
  7358 | D:9      | Found a staircase to the Orcish Mines.
  7526 | D:9      | Found a shimmering blue altar of Sif Muna.
  7536 | D:9      | Reached skill level 7 in Spellcasting
  8129 | D:9      | Found a shadowy altar of Dithmenos.
  8138 | D:9      | Reached skill level 9 in Unarmed Combat
  8185 | D:10     | Entered Level 10 of the Dungeon
  8205 | D:10     | You pick up a book of Alchemy and begin reading...
  8205 | D:10     | You add the spells Sublimation of Blood, Petrify and
                  | Irradiate to your library.
  8345 | D:10     | Reached skill level 4 in Fighting
  8345 | D:10     | Reached skill level 9 in Transmutations
  8390 | D:10     | Found a runed translucent gate.
  8390 | D:10     | Found a runed translucent gate.
  8390 | D:10     | Found a runed translucent gate.
  8391 | D:10     | Noticed bmj180's ghost (novice DrFE)
  8407 | D:10     | Noticed a centaur warrior
  8434 | D:10     | Killed a centaur warrior
  8572 | D:10     | Found a staircase to the Lair.
  8589 | D:10     | Noticed a two-headed ogre
  8597 | D:10     | Killed a two-headed ogre
  8598 | D:10     | Reached skill level 5 in Fighting
  8598 | D:10     | Reached skill level 10 in Unarmed Combat
  8598 | D:10     | Reached XP level 11. HP: 82/86 MP: 22/22
  8601 | D:10     | Noticed a deep elf pyromancer
  8630 | D:10     | HP: 10/105 [deep elf pyromancer/bolt of fire (28)]
  8630 | D:10     | HP: 4/105 [fire elemental[a deep elf pyromancer] (6)]
  8630 | D:10     | Mangled by a fire elemental

Vanquished Creatures
  A centaur warrior (D:10)
  A two-headed ogre (D:10)
  Pikel (D:4)
  Joseph (D:7)
  A troll (D:10)
  A shadow (D:9)
  A spriggan (D:7)
  12 yaks
  Eustachio (D:4)
  A wraith (D:9)
  An acid dragon (D:10)
  9 orc warriors
  An ice beast (D:5)
  2 sky beasts
  A wolf (D:10)
  An ogre (D:6)
  2 centaurs
  2 lemures (D:5)
  A phantom (D:7)
  4 kobold brigands
  Blork the orc (D:5)
  4 bullfrogs
  2 gnoll sergeants
  A scorpion (D:3)
  5 wights (D:7)
  2 howler monkeys
  2 electric eels (D:10)
  6 orc priests
  5 hounds
  A gnoll bouda (D:4)
  2 iguanas
  A sleepcap (D:5)
  8 orc wizards
  Robin (D:2)
  2 adders (D:6)
  22 gnolls
  3 river rats (Sewer)
  2 shadow imps
  2 ufetubi
  2 dart slugs
  42 orcs
  8 ball pythons
  8 endoplasms
  2 giant cockroaches
  16 goblins
  7 hobgoblins
  2 jackals (D:4)
  25 kobolds
  6 quokkas
  3 bats
  8 frilled lizards
  18 rats
264 creatures vanquished.

Table legend:
 A = Non-vault XP
 B = Vault XP
 C = Vault XP percentage of total XP
 D = Non-vault monster count
 E = Vault monster count
 F = Vault count percentage of total count
                 A         B        C        D         E       F
            +---------+---------+-------+---------+---------+-------
      Total |    8154 |    3835 |  32.0 |     195 |      67 |  25.6
            +---------+---------+-------+---------+---------+-------
        D:1 |      21 |       8 |  27.6 |      13 |       3 |  18.8
        D:2 |      24 |      34 |  58.6 |      14 |      12 |  46.2
        D:3 |     158 |       0 |   0.0 |      22 |       0 |   0.0
        D:4 |     264 |     925 |  77.8 |      26 |       7 |  21.2
        D:5 |     405 |      94 |  18.8 |      11 |       1 |   8.3
        D:6 |    1291 |      22 |   1.7 |      14 |       6 |  30.0
        D:7 |    1079 |     669 |  38.3 |      32 |       2 |   5.9
        D:8 |    1480 |       0 |   0.0 |      26 |       0 |   0.0
        D:9 |     791 |     623 |  44.1 |      15 |       8 |  34.8
       D:10 |    2641 |    1400 |  34.6 |      22 |       6 |  21.4
      Sewer |       0 |      60 | 100.0 |       0 |      22 | 100.0
            +---------+---------+-------+---------+---------+-------

Skill      XL: |  1  2  3  4  5  6  7  8  9 10 |
---------------+-------------------------------+-----
Transmutations | 3 4 5 6 7 8 9 |  9.5
Poison Magic   | 1 2 |  2.0
Spellcasting   | 3 4 5 6 7 |  7.7
Ice Magic      | 1 3 4 5 |  5.0
Unarmed Combat | 5 8 10 | 10.1
Fighting       | 2 5 |  5.2
Dodging        | |  1.7

Action                     |  1- 3 |  4- 6 |  7- 9 | 10-12 || total
---------------------------+-------+-------+-------+-------++-------
  Melee: Unarmed           |    28 |    70 |   293 |   161 ||   552
         Headbutt          |    11 |     5 |       |       ||    16
         Kick              |    13 |    10 |       |       ||    23
         Whip              |    57 |    73 |    18 |       ||   148
         Tailslap          |    10 |     9 |     2 |       ||    21
         Punch             |     1 |     1 |     1 |       ||     3
   Cast: Beastly Appendage |    25 |     7 |       |       ||    32
         Wereblood         |     1 |     7 |     1 |     3 ||    12
         Spider Form       |       |     9 |     2 |       ||    11
         Ice Form          |       |       |    24 |    12 ||    36
Ability: End Transformatio |       |     1 |       |     2 ||     3
    Use: Scroll            |       |    12 |    12 |     1 ||    25
   Stab: Sleeping          |       |       |     5 |       ||     5
 Armour: Skin              |    30 |    42 |   156 |    92 ||   320
  Dodge: Dodged            |    56 |   165 |   124 |    91 ||   436

Illustrated notes

Table legend:
 A = Kills in this place as a percentage of kills in the entire game.
 B = Kills by you in this place as a percentage of kills by you in the entire game.
 C = Kills by friends in this place as a percentage of kills by friends in the entire game.
 D = Other kills in this place as a percentage of other kills in the entire game.
 E = Experience gained in this place as a percentage of experience gained in the entire game.
 F = Experience gained in this place divided by the number of levels of this place that you have seen.
                   A       B       C       D       E      F
               +-------+-------+-------+-------+-------+----------------------
         Total | 100.0 | 100.0 |   N/A |   N/A | 100.0 | 999.1
       Dungeon |  91.6 |  91.6 |   N/A |   N/A |  99.5 | 1192.9
         Sewer |   8.4 |   8.4 |   N/A |   N/A |   0.5 |  60.0
               +-------+-------+-------+-------+-------+----------------------

Table legend: (Time is in decaauts)
 A = Elapsed time spent in this place.
 B = Non-inter-level travel time spent in this place.
 C = Inter-level travel time spent in this place.
 D = Time resting spent in this place.
 E = Time spent auto-exploring this place.
 F = Levels seen in this place.
 G = Mean time per level.
                   A        B        C        D        E       F      G
               +--------+--------+--------+--------+--------+-----+--------+
         Total |   8592 |   8123 |    469 |    138 |   6443 |  12 |  716.0 |
       Dungeon |   8018 |   7599 |    419 |    138 |   6017 |  10 |  801.8 |
        Temple |    211 |    162 |     49 |      0 |    154 |   1 |  211.0 |
         Sewer |    362 |    362 |      0 |      0 |    272 |   1 |  362.0 |
               +--------+--------+--------+--------+--------+-----+--------+

Top non-repeatable levels by time:
     D:5: 1170 daAuts
     D:4: 1161 daAuts
     D:9: 921 daAuts
     D:3: 860 daAuts
     D:6: 851 daAuts
     D:8: 789 daAuts
     D:7: 689 daAuts
     D:1: 662 daAuts
     D:2: 480 daAuts
    D:10: 431 daAuts
   Sewer: 362 daAuts
  Temple: 211 daAuts
